 Dungeon Crawl Stone Soup version 0.29-a0-284-gf9362112df (webtiles) character file.

Game seed: 260823539432580540

170 namelastname112 the Sneak (level 5, -8/45 HPs)
             Began as a Draconian Brigand on Mar 15, 2022.
             Was a Follower of Zin.
             Killed from afar by a ynoxinul (23 damage)
             ... with an iron shot
             ... created by the fury of Makhleb
             ... on level 4 of the Dungeon.
             The game lasted 00:03:42 (3247 turns).

namelastname112 the Sneak (Draconian Brigand)       Turns: 3247, Time: 00:03:42

Health: -8/45      AC:  6    Str: 14    XL:     5   Next: 26%
Magic:  6/6        EV: 12    Int: 11    God:    Zin [*.....]
Gold:   65         SH:  0    Dex: 14    Spells: 4/4 levels left

rFire   . . .      SeeInvis .   f - +2 dagger (elec)
rCold   . . .      Faith    .   (no shield)
rNeg    . . .      Spirit   .   (body armour unavailable)
rPois   .          Reflect  .   (helmet restricted)
rElec   .          Harm     .   b - +0 cloak
rCorr   .          Rampage  .   (no gloves)
Will    .....                   (no boots)
Stlth   ++........              (no amulet)
HPRegen 0.15/turn               (no ring)
MPRegen 0.10/turn               (no ring)

@: on recite cooldown
A: AC +5, unfitting armour, cold-blooded
a: Renounce Religion, Recite, Donate Gold


You were on level 4 of the Dungeon.
You worshipped Zin.
Zin was aware of your devotion.
You visited 1 branch of the dungeon, and saw 4 of its levels.

You collected 120 gold pieces.
You donated 55 gold pieces to Zin.

Inventory:

Hand Weapons
 f - a +2 dagger of electrocution (weapon)
Missiles
 c - 9 poisoned darts (quivered)
 d - 3 curare-tipped darts
Armour
 b - a +0 cloak (worn)
Wands
 k - a wand of polymorph (9)
 l - a wand of mindburst (19)
Scrolls
 a - a scroll of vulnerability {unknown}
 e - a scroll of silence {unknown}
 g - 4 scrolls of identify {unknown}
 i - a scroll of fear {unknown}
 j - a scroll of teleportation {unknown}
 m - a scroll of amnesia {unknown}
 n - a scroll of brand weapon {unknown}
Potions
 h - a potion of flight {unknown}


   Skills:
 + Level 3.3 Fighting
 + Level 2.4(2.6) Short Blades
 - Level 1.2(2.0) Long Blades
 + Level 2.6 Throwing
 + Level 2.1 Dodging
 + Level 3.9 Stealth
 + Level 1.7 Invocations


You had 4 spell levels left.
You didn't know any spells.
Your spell library contained the following spells:

 Spells                   Type           Power      Damage    Failure   Level
 Sting                    Tmut/Pois      0%         1d3       34%         1
 Poisonous Vapours        Pois/Air       0%         N/A       47%         2
 Olgreb's Toxic Radiance  Pois           0%         N/A       98%         4


Dungeon Overview and Level Annotations

Branches:
Dungeon (4/15)
 Temple: D:4-7

Altars:
Fedhas
Makhleb
Zin

Shops:
D:3 [


Innate Abilities, Weirdness & Mutations

Your plain brown scales are hard. (AC +5)
You cannot fit into any form of body armour.
You are cold-blooded and may be slowed by cold attacks.


Message History

You take 4 damage, and have 14/45 hp!
You perforate the ufetubus like a sieve!
Lightning courses through the ufetubus!!!
You annihilate the ufetubus!!!
The ufetubus disappears in a puff of smoke!!!
The ynoxinul gestures!
Activating: Recite (3% risk of failure)
Press: ? - help, Dir - look around, f - activate Look: an ufetubus (summoned)
Okay, then!
The ufetubus attacks as you move away!!!
The ufetubus closely misses you! The ufetubus completely misses you!
Activating: Recite (3% risk of failure)
Press: ? - help, Dir - look around, f - activate You clear your throat and prepare to recite! "For those who would enter Zin's holy bosom!!!"
The ufetubus barely misses you! The ufetubus closely misses you!
You skewer the ynoxinul but do no damage!
The ynoxinul is lightly wounded!
You skewer the ynoxinul like a kebab!
The ynoxinul is lightly wounded! "!!.and live in order, Zin provideth!
Such is!!!"
The ufetubus stumbles about in disarray!
The ufetubus is dazed by your recitation!
The ufetubus misses the ufetubus!
The ufetubus hits the ufetubus!
You barely miss the ynoxinul!
The ynoxinul is lightly wounded! "!!.the covenant, and such is the way of things!"
You finish reciting Abominations 22:7!
The ufetubus closely misses the ynoxinul!
The ufetubus barely misses the ynoxinul!
The ynoxinul gestures!
The ufetubus hits the ynoxinul!
The ufetubus misses the ynoxinul!
You perforate the ynoxinul but do no damage!
You tail-slap the ynoxinul!
The ynoxinul is lightly wounded!
The ynoxinul gestures at you! The iron shot hits you!!!!!!
DANG rip

#.#####.# #.##.#
#.......# #.##.#
####.#### #.##.# #.#
#.##.# #.# #)##.#
#########.#######....#
#................<####
#.###############.#
#........5@355# #.#
#############5# #.#
#># #.# ###5###.#
#..(..#.# #.#.#.#..
#.#...# #.###.#
#.....#


You could see a ynoxinul and 4 ufetubi.

Vanquished Creatures
  A bullfrog (D:4)
  4 adders (D:2)
  A white imp (D:3)
  An ufetubus (D:3)
  A dart slug (D:2)
  An orc (D:3)
  4 ball pythons
  6 bats
  10 endoplasms
  A giant cockroach (D:2)
  11 goblins
  2 hobgoblins (D:3)
  2 jackals (D:3)
  A quokka (D:2)
  A frilled lizard (D:1)
  4 kobolds
  5 rats
56 creatures vanquished.

Notes
Turn   | Place    | Note
-------+----------+-------------------------------------------
     0 | D:1      | namelastname112 the Draconian Brigand began the quest for
                  | the Orb.
     0 | D:1      | Reached XP level 1. HP: 17/17 MP: 1/1
   153 | D:1      | Reached skill level 1 in Dodging
   546 | D:1      | Found a faded altar of an unknown god.
   584 | D:1      | Reached XP level 2. HP: 25/25 MP: 2/2
   946 | D:1      | Prayed at the altar of an unknown god.
   946 | D:1      | Became a worshipper of Makhleb the Destroyer
   946 | D:1      | Reached * piety under Makhleb
  1432 | D:2      | Reached XP level 3. HP: 28/30 MP: 3/3
  1638 | D:2      | Reached skill level 1 in Long Blades
  1638 | D:2      | Reached skill level 1 in Invocations
  1804 | D:2      | Reached ** piety under Makhleb
  1805 | D:2      | Reached XP level 4. HP: 37/37 MP: 4/4
  2662 | D:3      | Found Matirairu's Armour Boutique.
  2946 | D:3      | Found a glowing silver altar of Zin.
  3048 | D:3      | Found a burning altar of Makhleb.
  3048 | D:3      | Found a blossoming altar of Fedhas.
  3076 | D:3      | Fell from the grace of Makhleb
  3076 | D:3      | Became a worshipper of Zin the Law-Giver
  3080 | D:3      | Donated 43 gold pieces to Zin
  3129 | D:4      | Reached * piety under Zin
  3208 | D:4      | Noticed a bullfrog
  3211 | D:4      | Noticed a ynoxinul
  3236 | D:4      | Killed a bullfrog
  3237 | D:4      | Reached XP level 5. HP: 22/45 MP: 6/6
  3247 | D:4      | Killed from afar by a ynoxinul

Illustrated notes

Levels and vault maps discovered:
D:1:      mrwooster_arrival_arrow, layout_basic,
          dilly_ecumenical_altar_fadedgnrine
D:2:      minmay_skewed_foursquare, layout_basic, serial_forest,
          infiniplex_forest_clump_double, infiniplex_forest_clump_diagonal,
          infiniplex_forest_clump_curved, infiniplex_forest_clump_long,
          infiniplex_forest_side_room, infiniplex_forest_zigzag_1,
          infiniplex_forest_clump_small, infiniplex_forest_lined_3,
          nrook_mini_vaults
D:3:      layout_basic, gammafunk_temple_overflow_elements, zin_treasury,
          serial_shops, shop_statue, chequers_serial_rivers_small_b,
          nicolae_underground_beach
D:4:      layout_loops_ring, chequers_temple_overflow_minitemple,
          minmay_temple_entry_overgrown, gammafunk_ghost_necromancy,
          minmay_manual_moon

Skill      XL: |  1  2  3  4 |
---------------+-------------+-----
Dodging        | 1 2 |  2.1
Throwing       | 2 |  2.6
Long Blades    | 1 |  1.2
Invocations    | 1 |  1.7
Fighting       | 3 |  3.3
Short Blades   | |  2.4
Stealth        | |  3.9

Action                   |  1- 3 |  4- 6 || total
-------------------------+-------+-------++-------
Melee: Dagger            |    92 |    51 ||   143
       Tailslap          |    10 |     8 ||    18
Invok: Donate Gold       |       |     1 ||     1
       Recite            |       |     1 ||     1
  Use: Potion            |     1 |       ||     1
 Stab: Sleeping          |     5 |     7 ||    12
Armor: Skin              |    24 |     8 ||    32
Dodge: Dodged            |    52 |    36 ||    88

Table legend: (Time is in decaauts)
 A = Elapsed time spent in this place.
 B = Non-inter-level travel time spent in this place.
 C = Inter-level travel time spent in this place.
 D = Time resting spent in this place.
 E = Time spent auto-exploring this place.
 F = Levels seen in this place.
 G = Mean time per level.
                   A        B        C        D        E       F      G
               +--------+--------+--------+--------+--------+-----+--------+
         Total |   3236 |   3130 |    106 |      0 |   2740 |   4 |  809.0 |
       Dungeon |   3236 |   3130 |    106 |      0 |   2740 |   4 |  809.0 |
               +--------+--------+--------+--------+--------+-----+--------+

Top non-repeatable levels by time:
     D:2: 1195 daAuts
     D:1: 978 daAuts
     D:3: 909 daAuts
     D:4: 153 daAuts
